Map: Proxima Station LE

Players

LiquidTLO (TLO) - Winner!

  • Race: Zerg Zerg
  • Spawn Location: 1:00

Harstem

  • Race: Protoss Protoss
  • Spawn Location: 7:00

Event: WCS Jonkoping 2017

VOD

Have the link to the VOD?

Description

Time

  • Played on: June 17, 2017, 11:57 a.m.
  • Length: 8:55

All games in this series

Show
View Real Time Build Order
Export as new Build Order

LiquidTLO Zerg - Winner!

Build Orders: Hatch First, Swarm Host 

Get SALT Encoding   

  12  0:00  Drone  
  13  0:13  Overlord  
  13  0:17  Drone  
  14  0:31  Drone x2  
  16  0:48  Hatchery  
  15  0:52  Drone  
  15  0:56  Drone  
  17  1:10  Spawning Pool  
  16  1:12  Drone  
  16  1:16  Drone  
  18  1:36  Hatchery  
  17  1:40  Drone  
  17  1:43  Drone  
  17  1:46  Drone  
  20  1:56  Queen  
  22  2:04  Queen  
  22  2:08  Drone  
  25  2:11  Drone  
  26  2:16  Overlord  
  26  2:19  Drone  
  26  2:21  Drone  
  28  2:34  Queen  
  28  2:35  Zergling x2  
  28  2:36  Zergling x2  
  32  2:37  Drone  
  32  2:39  Drone  
  34  2:45  Overlord  
  34  2:49  Overlord  
  34  2:50  Drone  
  35  2:54  Drone  
  36  3:01  Overlord  
  36  3:04  Drone x3  
  39  3:06  Drone  
  39  3:07  Drone  
  39  3:11  Overlord  
  41  3:15  Drone x2  
  41  3:17  Drone  
  44  3:20  Overlord  
  44  3:21  Drone  
  44  3:24  Extractor  
  44  3:25  Extractor  
  44  3:26  Drone  
  44  3:28  Drone  
  44  3:30  Drone  
  44  3:31  Drone  
  48  3:34  Drone  
  47  3:42  Evolution Chamber  
  47  3:44  Roach Warren, Drone x2  
  48  3:48  Drone  
  48  3:50  Drone x2  
  48  3:51  Drone  
  48  3:55  Spore Crawler  
  50  3:56  Spore Crawler  
  50  3:59  Spore Crawler, Drone  
  50  4:01  Drone  
  50  4:04  Drone  
  50  4:08  Drone  
  52  4:10  Drone  
  52  4:11  Drone x2  
  52  4:13  Drone  
  52  4:16  Drone  
  57  4:19  Lair  
  57  4:21  Drone  
  58  4:25  Roach x2  
  58  4:28  Evolution Chamber  
  58  4:30  Roach  
  63  4:33  Extractor x2, Overlord  
  63  4:36  Roach  
  63  4:38  Roach  
  65  4:42  Overlord  
  65  4:44  Drone, Overlord  
  66  4:47  Overlord  
  66  4:51  Overlord  
  67  4:52  Drone  
  67  4:53  Drone x2  
  67  4:56  Drone  
  67  4:57  Drone  
  67  4:59  Drone x2  
  73  5:02  Drone  
  73  5:03  Extractor  
  73  5:04  Extractor, Drone  
  73  5:05  Drone  
  74  5:08  Roach  
  74  5:10  Drone x2  
  78  5:16  Roach  
  78  5:17  Roach  
  82  5:21  Infestation Pit  
  82  5:23  Drone  
  82  5:24  Overlord  
  82  5:25  Glial Reconstitution  
  82  5:29  Roach  
  82  5:30  Roach  
  82  5:34  Roach  
  82  5:35  Roach  
  89  5:39  Roach x2  
  93  5:43  Drone  
  93  5:45  Drone  
  93  5:46  Drone  
  96  5:52  Drone  
  96  5:54  Overlord  
  97  5:57  Infestor  
  97  6:01  Swarm Host x4  
  97  6:02  Swarm Host  
  114  6:06  Overlord  
  114  6:09  Overlord  
  114  6:11  Overlord  
  114  6:14  Overseer  
  114  6:20  Zerg Missile Weapons Level 1  
  114  6:21  Overlord  
  114  6:22  Roach  
  114  6:23  Roach x2  
  114  6:24  Roach  
  122  6:26  Burrow  
  122  6:30  Roach  
  124  6:35  Roach x4  
  124  6:37  Roach  
  124  6:38  Roach  
  136  6:44  Roach x2  
  136  6:46  Roach  
  142  6:49  Roach  
  144  6:54  Ravager x2  
  144  6:55  Ravager, Overlord  
  144  6:56  Spore Crawler  
  144  6:58  Overlord  
  144  7:01  Roach  
  148  7:03  Overlord  
  148  7:11  Overseer  
  148  7:14  Roach x2  
  152  7:16  Ravager x2, Hatchery  
  152  7:19  Roach  
  155  7:24  Ravager x2  
  155  7:25  Overlord  
  155  7:26  Roach  
  155  7:27  Roach  
  155  7:28  Roach  
  163  7:33  Roach  
  163  7:34  Roach  
  163  7:36  Roach x3  
  169  7:40  Roach x2  
  169  7:41  Roach  
  166  7:46  Roach x2  
  166  7:47  Roach  
  170  7:55  Roach  
  170  7:56  Roach x3  
  178  8:04  Roach  
  178  8:05  Roach x2  
  180  8:07  Roach  
  180  8:08  Roach  
  180  8:09  Roach x3  
  180  8:11  Roach  
  177  8:13  Roach  
  175  8:20  Roach x2  
  175  8:24  Roach  
  175  8:25  Roach  
  173  8:27  Roach  
  173  8:28  Roach x2  
  173  8:36  Drone  
  173  8:38  Spire  
Show
View Real Time Build Order
Export as new Build Order

Harstem Protoss 

Build Orders: 1 Gate Expand, Zealot Archon, Dark Templar Rush 

Get SALT Encoding   

  12  0:00  Probe (Chrono Boost)  
  13  0:11  Probe (Chrono Boost)  
  14  0:17  Pylon  
  14  0:22  Probe (Chrono Boost)  
  16  0:35  Probe (Chrono Boost)  
  16  0:38  Gateway  
  16  0:44  Assimilator  
  16  0:48  Probe (Chrono Boost)  
  17  0:58  Probe (Chrono Boost)  
  18  1:09  Probe (Chrono Boost)  
  19  1:19  Probe (Chrono Boost)  
  20  1:27  Nexus  
  20  1:33  Cybernetics Core  
  20  1:36  Probe (Chrono Boost)  
  21  1:42  Assimilator  
  21  1:46  Probe (Chrono Boost)  
  22  1:52  Pylon  
  22  1:57  Probe (Chrono Boost)  
  23  2:09  Warp Gate  
  23  2:10  Probe (Chrono Boost), Stalker (Chrono Boost)  
  26  2:22  Twilight Council  
  26  2:23  Probe  
  27  2:36  Probe, Adept (Chrono Boost)  
  30  2:38  Probe  
  31  2:48  Probe (Chrono Boost)  
  31  2:50  Robotics Facility  
  32  2:52  Probe (Chrono Boost)  
  33  3:00  Probe (Chrono Boost)  
  33  3:05  Probe (Chrono Boost)  
  35  3:10  Probe (Chrono Boost)  
  35  3:11  Dark Shrine  
  36  3:17  Probe (Chrono Boost)  
  37  3:21  Probe (Chrono Boost)  
  37  3:26  Gateway  
  38  3:29  Probe (Chrono Boost)  
  38  3:31  Mothership Core (Chrono Boost)  
  41  3:36  Pylon  
  41  3:39  Warp Prism (Chrono Boost)  
  41  3:41  Probe  
  44  3:47  Charge  
  44  3:50  Pylon  
  44  3:51  Probe  
  44  3:53  Probe  
  46  4:03  Probe (Chrono Boost)  
  46  4:05  Probe (Chrono Boost)  
  48  4:10  Gateway  
  48  4:11  Gateway  
  48  4:14  Probe (Chrono Boost)  
  49  4:25  Probe (Chrono Boost)  
  49  4:26  Nexus  
  49  4:29  Probe (Chrono Boost)  
  51  4:32  Assimilator  
  51  4:37  Dark Templar x2  
  55  4:38  Probe (Chrono Boost)  
  55  4:42  Assimilator  
  55  4:45  Pylon  
  56  4:48  Probe (Chrono Boost)  
  56  4:49  Probe (Chrono Boost)  
  58  4:58  Forge  
  58  4:59  Probe (Chrono Boost)  
  59  5:12  Probe x2 (Chrono Boost)  
  61  5:16  Dark Templar  
  61  5:20  Zealot x2, Dark Templar  
  69  5:23  Probe (Chrono Boost), Pylon  
  69  5:24  Archon x2  
  69  5:28  Pylon  
  70  5:37  Immortal (Chrono Boost)  
  70  5:38  Probe x2 (Chrono Boost)  
  70  5:39  Probe (Chrono Boost)  
  77  5:48  Probe x2 (Chrono Boost), Pylon  
  77  5:49  Probe (Chrono Boost)  
  80  5:57  Probe  
  80  5:58  Probe  
  80  5:59  Probe  
  80  6:03  Zealot  
  80  6:04  Zealot x3  
  91  6:07  Protoss Ground Weapons Level 1 (Chrono Boost)  
  91  6:09  Probe x2  
  91  6:10  Immortal  
  91  6:11  Probe  
  98  6:19  Probe  
  98  6:22  Probe  
  98  6:23  Probe  
  101  6:26  Assimilator  
  101  6:30  Probe, Assimilator  
  102  6:34  Probe, Pylon  
  102  6:38  Pylon  
  103  6:43  Probe  
  103  6:46  Immortal  
  104  6:48  Gateway  
  104  6:50  Gateway  
  104  6:51  Templar Archives  
  104  6:53  Gateway  
  108  6:54  Gateway  
  108  6:57  Pylon  
  108  7:04  Probe  
  108  7:07  Robotics Facility  
  99  7:08  Sentry  
  99  7:09  Pylon, Sentry x2  
  99  7:10  Pylon  
  99  7:12  Dark Templar  
  107  7:20  Photon Cannon, Warp Prism (Chrono Boost)  
  107  7:23  Pylon  
  107  7:41  Dark Templar x3  
  110  7:50  Probe x2  
  110  7:51  Pylon  
  98  7:54  Zealot  
  98  7:56  Archon  
  100  7:59  Zealot x3  
  100  8:00  Zealot  
  103  8:05  Probe  
  91  8:16  Zealot x4  
  95  8:20  Zealot x2  
  88  8:30  Zealot x2  
  82  8:38  Zealot x3, Pylon  
  82  8:39  Zealot  
  89  8:44  Zealot x2  
  81  8:51  Zealot x2  
Tags
 
Add a new tag
Caveats
  • Supply blocks, unpowered buildings, or Contaminate may cause inaccurate times.
  • Supply counts are checked every 10 seconds.